MWL (24 & UNDER)
BARRY'S BAY ORIOLES @ WISCONSIN RAPIDS RANGERS
05/02/2027
 
TOP OF THE 1ST
Barry's Bay Orioles batting - Pitching for Wisconsin Rapids Rangers : LHP Ron Huggins
Pitching: LHP Ron Huggins
Batting: RHB Pablo Hernández 0-0: Ball
1-0: Called Strike
1-1: Ball
2-1: Ground out 6-3 (Groundball, 56D)
Batting: RHB Guy Morrison 0-0: Called Strike
0-1: Called Strike
0-2: Strikes out looking
Batting: RHB Tomás Díaz 0-0: Fly out, F9 (Line Drive, 9S)
Top of the 1st over - 0 run(s), 0 hit(s), 0 error(s), 0 left on base; Barry's Bay 0 - Wisconsin Rapids 0
BOTTOM OF THE 1ST
Wisconsin Rapids Rangers batting - Pitching for Barry's Bay Orioles : RHP José Padilla
Pitching: RHP José Padilla
Batting: RHB Aurelio Cruz 0-0: Fly out, F8 (Flyball, 8LM)
Batting: LHB Ronald Gordon 0-0: Ball
1-0: Ball
2-0: Foul Ball, location: 2F
2-1: Called Strike
2-2: Strikes out looking
Batting: RHB Eric Thompson 0-0: Ground out 4-3 (Groundball, 4S)
Bottom of the 1st over - 0 run(s), 0 hit(s), 0 error(s), 0 left on base; Barry's Bay 0 - Wisconsin Rapids 0
TOP OF THE 2ND
Barry's Bay Orioles batting - Pitching for Wisconsin Rapids Rangers : LHP Ron Huggins
Batting: RHB Herb Ashley 0-0: Called Strike
0-1: Ball
1-1: Ground out 4-3 (Groundball, 4S)
Batting: LHB Manuel Pérez 0-0: Ball
1-0: Ball
2-0: Ball
3-0: Called Strike
3-1: Fly out, F7 (Flyball, 7LM)
Batting: RHB Jesús Castillo 0-0: Ball
1-0: Ball
2-0: Ball
3-0: Called Strike
3-1: Fly out, F9 (Flyball, 9S)
Top of the 2nd over - 0 run(s), 0 hit(s), 0 error(s), 0 left on base; Barry's Bay 0 - Wisconsin Rapids 0
BOTTOM OF THE 2ND
Wisconsin Rapids Rangers batting - Pitching for Barry's Bay Orioles : RHP José Padilla
Batting: RHB Jesús Cabrera 0-0: Called Strike
0-1: Ball
1-1: Called Strike
1-2: Fly out, F6 (Popup, 6D)
Batting: RHB Juan García 0-0: Swinging Strike
0-1: Ball
1-1: Fly out, F8 (Flyball, 8RS)
Batting: LHB Ralph Cobb 0-0: Ball
1-0: Fly out, F8 (Flyball, 8RD)
Bottom of the 2nd over - 0 run(s), 0 hit(s), 0 error(s), 0 left on base; Barry's Bay 0 - Wisconsin Rapids 0
TOP OF THE 3RD
Barry's Bay Orioles batting - Pitching for Wisconsin Rapids Rangers : LHP Ron Huggins
Batting: LHB José Rodríguez 0-0: Ball
1-0: Foul Ball, location: 2F
1-1: Ball
2-1: Foul Ball, location: 2F
2-2: Strikes out swinging
Batting: RHB Santiago Rivera 0-0: Called Strike
0-1: Ball
1-1: Ball
2-1: Called Strike
2-2: Strikes out swinging
Batting: LHB Will Elliott 0-0: Ball
1-0: Swinging Strike
1-1: Ball
2-1: Foul Ball, location: 2F
2-2: Foul Ball, location: 2F
2-2: Strikes out looking
Top of the 3rd over - 0 run(s), 0 hit(s), 0 error(s), 0 left on base; Barry's Bay 0 - Wisconsin Rapids 0
BOTTOM OF THE 3RD
Wisconsin Rapids Rangers batting - Pitching for Barry's Bay Orioles : RHP José Padilla
Batting: SHB José González 0-0: Ball
1-0: Ground out 3-1 (Groundball, 34S)
Batting: RHB António Martínez 0-0: Ball
1-0: Ground out 6-3 (Groundball, 56)
Batting: RHB Ambrose Brown 0-0: Ground out 1-3 (Groundball, 13S)
Bottom of the 3rd over - 0 run(s), 0 hit(s), 0 error(s), 0 left on base; Barry's Bay 0 - Wisconsin Rapids 0
TOP OF THE 4TH
Barry's Bay Orioles batting - Pitching for Wisconsin Rapids Rangers : LHP Ron Huggins
Batting: RHB Pablo Hernández 0-0: Foul Ball, location: 2F
0-1: Foul Ball, location: 2F
0-2: Strikes out looking
Batting: RHB Guy Morrison 0-0: Ball
1-0: Ball
2-0: Called Strike
2-1: Ball
3-1: Foul Ball, location: 2F
3-2: Base on Balls
Batting: RHB Tomás Díaz 0-0: Hit by Pitch
Guy Morrison to second
Batting: RHB Herb Ashley 0-0: Ball
1-0: Grounds into double play, 6-4-3 (Groundball, 6)
Top of the 4th over - 0 run(s), 0 hit(s), 0 error(s), 1 left on base; Barry's Bay 0 - Wisconsin Rapids 0
BOTTOM OF THE 4TH
Wisconsin Rapids Rangers batting - Pitching for Barry's Bay Orioles : RHP José Padilla
Batting: RHB Aurelio Cruz 0-0: Called Strike
0-1: SINGLE (Groundball, 5D)
Batting: LHB Ronald Gordon 0-0: Called Strike
0-1: Foul Ball, location: 2F
0-2: Ball
1-2: Foul Ball, location: 2F
1-2: Foul Ball, location: 2F
1-2: Ball
2-2: Foul Ball, location: 2F
2-2: Foul Ball, location: 2F
2-2: Ball
3-2: Base on Balls
Aurelio Cruz to second
Batting: RHB Eric Thompson 0-0: Foul Ball, location: 2F
0-1: Ball
1-1: Foul Ball, location: 2F
1-2: Foul Ball, location: 2F
1-2: Foul Ball, location: 2F
1-2: Ball
2-2: DOUBLE (Line Drive, 78D)
Aurelio Cruz scores
Ronald Gordon to third
Batting: RHB Jesús Cabrera 0-0: Foul Ball, location: 2F
0-1: Ground out 5-3 (Groundball, 5S)
Batting: RHB Juan García 0-0: Called Strike
0-1: Ball
1-1: Ball
2-1: Called Strike
2-2: Foul Ball, location: 2F
2-2: Foul Ball, location: 2F
2-2: Ball
3-2: SINGLE (Groundball, 56D)
Ronald Gordon scores
Eric Thompson to third
Batting: LHB Ralph Cobb 0-0: Fly out, F5 (Popup, 56)
Batting: SHB José González 0-0: Ball
1-0: Ball
2-0: Swinging Strike
2-1: Ball
3-1: SINGLE (Groundball, 6D)
Eric Thompson scores
Juan García to second
Batting: RHB António Martínez 0-0: Swinging Strike
0-1: Ball
1-1: Ball
2-1: Ball
3-1: Called Strike
3-2: Strikes out swinging
Bottom of the 4th over - 3 run(s), 4 hit(s), 0 error(s), 2 left on base; Barry's Bay 0 - Wisconsin Rapids 3
TOP OF THE 5TH
Barry's Bay Orioles batting - Pitching for Wisconsin Rapids Rangers : LHP Ron Huggins
Batting: LHB Manuel Pérez 0-0: Foul Ball, location: 2F
0-1: Swinging Strike
0-2: Ball
1-2: Strikes out swinging
Batting: RHB Jesús Castillo 0-0: Ball
1-0: Foul Ball, location: 2F
1-1: Ball
2-1: Foul Ball, location: 2F
2-2: Strikes out swinging
Batting: LHB José Rodríguez 0-0: Fly out, F9 (Flyball, 89M)
Top of the 5th over - 0 run(s), 0 hit(s), 0 error(s), 0 left on base; Barry's Bay 0 - Wisconsin Rapids 3
BOTTOM OF THE 5TH
Wisconsin Rapids Rangers batting - Pitching for Barry's Bay Orioles : RHP José Padilla
Batting: RHB Ambrose Brown 0-0: Ball
1-0: Ball
2-0: Ground out 6-3 (Groundball, 6)
Batting: RHB Aurelio Cruz 0-0: Ball
1-0: Called Strike
1-1: Ground out U3 (Groundball, 3L)
Batting: LHB Ronald Gordon 0-0: Ball
1-0: Foul Ball, location: 2F
1-1: Foul Ball, location: 2F
1-2: Foul Ball, location: 2F
1-2: Foul Ball, location: 2F
1-2: Foul Ball, location: 2F
1-2: SINGLE (Groundball, 4MD)
Batting: RHB Eric Thompson 0-0: Fielders Choice at 2nd, 6-4 (Groundball, 56)
Bottom of the 5th over - 0 run(s), 1 hit(s), 0 error(s), 0 left on base; Barry's Bay 0 - Wisconsin Rapids 3
TOP OF THE 6TH
Barry's Bay Orioles batting - Pitching for Wisconsin Rapids Rangers : LHP Ron Huggins
Batting: RHB Santiago Rivera 0-0: Ground out 5-3 (Groundball, 5S)
Batting: LHB Will Elliott 0-0: Ball
1-0: Ball
2-0: Fly out, F7 (Flyball, 7LMF)
Batting: RHB Pablo Hernández 0-0: Ball
1-0: Called Strike
1-1: Called Strike
1-2: Ball
2-2: Ball
3-2: Strikes out swinging
Top of the 6th over - 0 run(s), 0 hit(s), 0 error(s), 0 left on base; Barry's Bay 0 - Wisconsin Rapids 3
BOTTOM OF THE 6TH
Wisconsin Rapids Rangers batting - Pitching for Barry's Bay Orioles : RHP José Padilla
Batting: RHB Jesús Cabrera 0-0: Called Strike
0-1: Ball
1-1: Fly out, F7 (Flyball, 78S)
Batting: RHB Juan García 0-0: Ball
1-0: SINGLE (Flyball, 8LS)
Batting: LHB Ralph Cobb 0-0: Called Strike
0-1: DOUBLE (Groundball, 5L)
Juan García to third
Batting: SHB José González 0-0: Intentional Walk
Pitching: RHP Henry Carroll
Batting: RHB António Martínez 0-0: Called Strike
0-1: Grounds into fielders choice 5-2 (Groundball, 5)
Ralph Cobb to third
José González to second
Batting: RHB Ambrose Brown 0-0: Ball
1-0: Ball
2-0: Called Strike
2-1: Swinging Strike
2-2: Ball
3-2: Strikes out swinging
Bottom of the 6th over - 0 run(s), 2 hit(s), 0 error(s), 3 left on base; Barry's Bay 0 - Wisconsin Rapids 3
TOP OF THE 7TH
Barry's Bay Orioles batting - Pitching for Wisconsin Rapids Rangers : LHP Ron Huggins
Now in RF: Carlos Miranda
Batting: RHB Guy Morrison 0-0: SINGLE (Groundball, 56D)
Batting: RHB Tomás Díaz 0-0: Ball
1-0: Fly out, F3 (Line Drive, 3)
Lined into DP, U3 (Line Drive, 3)
Batting: RHB Herb Ashley 0-0: Swinging Strike
0-1: Ground out 5-3 (Groundball, 56)
Top of the 7th over - 0 run(s), 1 hit(s), 0 error(s), 0 left on base; Barry's Bay 0 - Wisconsin Rapids 3
BOTTOM OF THE 7TH
Wisconsin Rapids Rangers batting - Pitching for Barry's Bay Orioles : RHP Henry Carroll
Batting: RHB Aurelio Cruz 0-0: Ball
1-0: Ball
2-0: Fly out, F8 (Flyball, 8RM)
Batting: LHB Ronald Gordon 0-0: Called Strike
0-1: Swinging Strike
0-2: Ball
1-2: Ball
2-2: Ball
3-2: Base on Balls
Batting: RHB Eric Thompson 0-0: SINGLE (Line Drive, 7S)
Ronald Gordon to second
Batting: RHB Jesús Cabrera 0-0: Ball
1-0: Foul Ball, location: 2F
1-1: Ball
2-1: Fly out, F9 (Line Drive, 9)
Batting: RHB Juan García 0-0: Ball
1-0: Swinging Strike
1-1: Foul Ball, location: 2F
1-2: Strikes out looking
Bottom of the 7th over - 0 run(s), 1 hit(s), 0 error(s), 2 left on base; Barry's Bay 0 - Wisconsin Rapids 3
TOP OF THE 8TH
Barry's Bay Orioles batting - Pitching for Wisconsin Rapids Rangers : LHP Ron Huggins
Now at C: Wilfred Martin
Batting: LHB Manuel Pérez 0-0: Called Strike
0-1: Foul Ball, location: 2F
0-2: Foul Ball, location: 2F
0-2: Ball
1-2: Ground out 4-3 (Groundball, 4)
Batting: RHB Jesús Castillo 0-0: Fly out, F7 (Flyball, 78D)
Batting: LHB José Rodríguez 0-0: Ball
1-0: SOLO HOME RUN (Flyball, 9LD), Distance : 338 ft
Batting: RHB Santiago Rivera 0-0: SINGLE (Groundball, 56D)
Batting: LHB Will Elliott 0-0: Ball
1-0: Called Strike
1-1: Swinging Strike
1-2: Ball
2-2: Strikes out looking
Top of the 8th over - 1 run(s), 2 hit(s), 0 error(s), 1 left on base; Barry's Bay 1 - Wisconsin Rapids 3
BOTTOM OF THE 8TH
Wisconsin Rapids Rangers batting - Pitching for Barry's Bay Orioles : RHP Henry Carroll
Batting: LHB Ralph Cobb 0-0: Called Strike
0-1: Ball
1-1: Swinging Strike
1-2: SINGLE (Line Drive, 6MD)
Batting: SHB José González 0-0: Ball
1-0: Ball
2-0: Ball
3-0: Called Strike
3-1: Sac Bunt - play at first, batter OUT! 1-3
Ralph Cobb to second
Batting: RHB António Martínez 0-0: Intentional Walk
Pinch Hitting: LHB Dave Reynolds 0-0: Ball
1-0: Foul Ball, location: 2F
1-1: Swinging Strike
1-2: Ball
2-2: Fly out, F9 (Flyball, 9S)
Batting: RHB Aurelio Cruz 0-0: Called Strike
0-1: Ground out U3 (Groundball, 3S)
Bottom of the 8th over - 0 run(s), 1 hit(s), 0 error(s), 2 left on base; Barry's Bay 1 - Wisconsin Rapids 3
TOP OF THE 9TH
Barry's Bay Orioles batting - Pitching for Wisconsin Rapids Rangers : LHP Ron Huggins
Pitching: RHP Jesús Sánchez
Now in CF: Dave Reynolds
Batting: RHB Pablo Hernández 0-0: Ball
1-0: Foul Ball, location: 2F
1-1: Foul Ball, location: 2F
1-2: Strikes out swinging
Batting: RHB Guy Morrison 0-0: Ball
1-0: Foul Ball, location: 2F
1-1: Swinging Strike
1-2: Fly out, F9 (Flyball, 9LM)
Batting: RHB Tomás Díaz 0-0: Called Strike
0-1: Ball
1-1: Ground out 6-3 (Groundball, 6)
Top of the 9th over - 0 run(s), 0 hit(s), 0 error(s), 0 left on base; Barry's Bay 1 - Wisconsin Rapids 3
Thursday, March 30th, 2017 - OOTP Baseball 17.12 Build 75